 Dungeon Crawl Stone Soup version 0.31.0-4-g52a2dc7128 (webtiles) character file.

Game seed: 10828510503648514269

94 stipulation the Ruffian (level 4, -5/38 HPs)
             Began as a Ghoul Monk on Jan 21, 2024.
             Slain by a gnoll
             ... wielding a +0 halberd
              (7 damage)
             ... on level 2 of the Dungeon.
             The game lasted 00:01:03 (1314 turns).

stipulation the Ruffian (Ghoul Monk)                Turns: 1314, Time: 00:01:04

Health: -5/38      AC:  2    Str: 16    XL:     4   Next: 63%
Magic:  4/4        EV: 12    Int:  9    God:
Gold:   85         SH:  0    Dex: 11    Spells: 3/3 levels left

rFire   . .          .
                       - Unarmed
rCold   + . .        c - orb {light}
rNeg    + + +        a - +0 robe
rPois   ∞            (no helmet)
rElec   .            (no cloak)
rCorr   .            (no gloves)
SInv    .            (no boots)
Will    .....        (no amulet)
Stlth   +            (no ring)
HPRegen 0.00/turn    (no ring)
MPRegen 0.09/turn

%: no passive effects
@: inhibited regen, glowing
A: claws 1, cold resistance 1, negative energy resistance 3, inhibited
regeneration, torment resistance 2, devour on kill
a: no special abilities


You were on level 2 of the Dungeon.
You visited 1 branch of the dungeon, and saw 2 of its levels.

You collected 85 gold pieces.

Inventory:

Armour
 a - a +0 robe (worn)
 c - an orb of light (worn)
Wands
 n - a wand of quicksilver (9)
Scrolls
 d - 2 scrolls of poison {unknown}
 f - a scroll of revelation {unknown}
 h - a scroll of brand weapon {unknown}
 j - 2 scrolls of teleportation {unknown}
 k - a scroll of identify {unknown}
 l - a scroll of torment {unknown}
Potions
 e - a potion of berserk rage {unknown}
 g - a potion of brilliance {unknown}
 i - 2 potions of heal wounds {unknown}
 m - a potion of magic {unknown}


   Skills:
 - Level 3.2 Fighting
 - Level 2.6 Dodging
 + Level 5.8 Unarmed Combat


You had 3 spell levels left.
You didn't know any spells.
Your spell library contained the following spells:

 Spells                   Type           Power      Damage    Failure   Level
 Gell's Gravitas          Tloc           0%         N/A       77%         3
 Passwall                 Erth           0%         N/A       77%         3
 Volatile Blastmotes      Fire/Tloc      0%         2d10      77%         3


Dungeon Overview and Level Annotations

Branches:
Dungeon (2/15)

Altars:


Innate Abilities, Weirdness & Mutations

You are immune to poison.
You have sharp fingernails.
Your flesh is cold resistant. (rC+)
You are immune to negative energy. (rN+++)
You do not regenerate when monsters are visible.
You are immune to unholy pain and torment.
You thrive by killing the living.


Message History

A gnoll comes into view. It is wielding a +0 whip.
The gnoll shouts!
The gnoll attacks as it pursues you! The gnoll closely misses you.
The gnoll attacks as it pursues you! The gnoll hits you with a +0 whip!
* * * LOW HITPOINT WARNING * * *
The gnoll attacks as it pursues you! The gnoll closely misses you.
Okay, then.
The gnoll attacks as it pursues you! The gnoll hits you with a +0 whip.
* * * LOW HITPOINT WARNING * * *
You are confused.
You feel invigorated. The gnoll barely misses you.
You claw the gnoll!
You kill the gnoll!
You bump into the rock wall.
The gnoll barely misses you. The gnoll hits you with a +0 whip.
* * * LOW HITPOINT WARNING * * *
The gnoll attacks as it pursues you! The gnoll hits you with a +0 whip.
You bump into the rock wall.
You feel less invigorated.
You feel less confused. The gnoll hits you with a +0 whip.
You claw the gnoll!
The gnoll is heavily wounded.
The gnoll barely misses you.
You claw the gnoll!
You kill the gnoll!
You feel better. The gnoll barely misses you.
The gnoll hits you with a +0 halberd!
* * * LOW HITPOINT WARNING * * *
The gnoll hits you with a +0 spear.
* * * LOW HITPOINT WARNING * * *
You barely miss the gnoll. The gnoll barely misses you.
The gnoll hits you with a +0 spear.
* * * LOW HITPOINT WARNING * * *
You completely miss the gnoll. The gnoll closely misses you.
The gnoll misses you.
You claw the gnoll!
The gnoll is almost dead.
The gnoll hits you with a +0 halberd!
You die...

##.#.## #.#.#.# ##.#.##
#.###.# ##)#.## #### #.#.#.#
#####.. ### ##.#.## ...#.#
#.# #.###.# ####.#.#####.#
#.# ##.#.## ###.@g.........#
..# #.#.#.# #..g##.#..#.##.
### ##.#.## ######.#..#.##.#
#.###.# #...##.#.g.....#
##.#.## #......##......#
#.#.#.#####>#####..#.#.#
#####.........#.# #.!....#
.....###.#.#..#.######...#.#
.....###.#.#.......# ..##.#


You could see 2 gnolls.

Vanquished Creatures
  2 gnolls (D:2)
  2 adders (D:2)
  8 endoplasms
  A giant cockroach (D:1)
  5 goblins
  4 hobgoblins
  8 jackals (D:2)
  4 quokkas
  5 ball pythons
  2 bats
  7 frilled lizards
  2 kobolds
  5 rats
55 creatures vanquished.

Notes
Turn   | Place    | Note
-------+----------+-------------------------------------------
     0 | D:1      | stipulation the Ghoul Monk began the quest for the Orb.
     0 | D:1      | Reached XP level 1. HP: 19/19 MP: 1/1
    38 | D:1      | Got the Compendium of Dimensional Breccia
   147 | D:1      | Reached XP level 2. HP: 26/26 MP: 2/2
   149 | D:1      | Reached skill level 4 in Unarmed Combat
   735 | D:2      | Reached XP level 3. HP: 26/31 MP: 3/3
   764 | D:2      | Reached skill level 5 in Unarmed Combat
  1032 | D:2      | Reached XP level 4. HP: 38/38 MP: 4/4
  1314 | D:2      | Slain by a gnoll

Illustrated notes

Levels and vault maps discovered:
D:1:      amcnicky_arrival_choice, layout_loops_ring
D:2:      layout_loops_cross, minmay_crystal_water, roderic_roman_lattice,
          minmay_lizard_pond

Skill      XL: |  1  2  3 |
---------------+----------+-----
Unarmed Combat | 4 5 |  5.8
Fighting       | |  3.2
Dodging        | |  2.6

Action                     |  1- 3 |  4- 6 || total
---------------------------+-------+-------++-------
  Melee: Unarmed           |    91 |    28 ||   119
    Use: Potion            |       |     1 ||     1
 Armour: Robe              |    49 |    17 ||    66
  Dodge: Dodged            |    54 |    22 ||    76
